 Dungeon Crawl Stone Soup version 0.28-a0-10-g964c8b829e (webtiles) character file.

Game seed: 7182077809127155218

2043613 RandomHacker the Hawkeye (level 27, 221/221 (226) HPs)
             Began as a Troll Hunter on July 25, 2021.
             Was the Champion of Hepliaklqana.
             Escaped with the Orb
             ... and 3 runes!
             The game lasted 05:17:37 (48691 turns).

RandomHacker the Hawkeye (Troll Hunter)            Turns: 48691, Time: 05:17:38

HP:   221/221 (226) AC: 37    Str: 31    XL:     27
MP:   34/34         EV:  7    Int: 19    God:    Hepliaklqana [******]
Gold: 7341          SH: 29    Dex: 10    Spells: 26/26 levels left

rFire   + + +      SeeInvis +     - Unarmed
rCold   + . .      Faith    .   S - +8 tower shield
rNeg    + . .      Spirit   .   o - +9 scales of the Dragon King {rPois rF+ rC+ Will+}
rPois   +          Reflect  .   G - +2 hat
rElec   +          Harm     .   I - +4 dragonskin cloak
rCorr   +          Rampage  .   (gloves unavailable)
Will    +++++      Rnd*Rage +   (boots unavailable)
Stlth   ..........              O - necklace of Bloodlust {*Rage +Rage Will++ Int-3 Slay+6}
HPRegen 1.46/turn               s - ring "Edyquses" {Fire rCorr Int+3}
MPRegen 0.24/turn               P - ring "Tuidghus" {rElec Int+6 SInv}

@: studying Air Magic, lightly drained
A: reduced essence, large, unfitting armour, claws 3, regeneration 1, shaggy fur
1, tough skin 1, strong-willed 1
0: Orb of Zot
}: 3/15 runes: decaying, silver, gossamer
a: Renounce Religion, Evoke Berserk Rage, Recall Ancestor, Ancestor Identity,
Transference, Idealise


You escaped.
You worshipped Hepliaklqana.
Hepliaklqana was exalted by your worship.
You visited 8 branches of the dungeon, and saw 46 of its levels.
You also visited: Gauntlet.

You collected 8191 gold pieces.
You spent 850 gold pieces at shops.

Inventory:

Hand Weapons
 H - the +3 halberd of Wakausyo {drain, Str+4 Stlth+}
   (You found it on level 2 of the Depths)

   A truly terrible weapon, it drains the life of any living foe it strikes.
   Str:       It affects your strength (+4).
   Stlth:     It makes you more stealthy.
Missiles
 a - 35 javelins (quivered)
 c - 48 large rocks
 d - 2 throwing nets
 e - 10 silver javelins
 t - 8 boomerangs of dispersal
 z - 11 silver boomerangs
Armour
 o - the +9 scales of the Dragon King (worn) {rPois rF+ rC+ Will+}
   (You found it in a Gauntlet)

   rF:        It protects you from fire.
   rC:        It protects you from cold.
   rPois:     It protects you from poison.
   Will:      It increases your willpower.
 G - a +2 hat (worn)
 I - the +4 dragonskin cloak (worn)
   (You took it off Tiamat on level 1 of the Realm of Zot)

   It grants the wearer a chance to resist fire, cold, poison, electricity,
   acid, and negative energy.
 S - a +8 tower shield (worn)
Jewellery
 s - the ring "Edyquses" (left claw) {Fire rCorr Int+3}
   (You took it off a vault warden on level 5 of the Vaults)

   [ring of fire]

   It enhances your fire magic.
   Int:       It affects your intelligence (+3).
   rF:        It protects you from fire.
   rC:        It makes you vulnerable to cold.
   rCorr:     It protects you from acid and corrosion.
 y - a ring of positive energy
 E - an amulet of faith
 N - an amulet of reflection
 O - the necklace of Bloodlust (around neck) {*Rage +Rage Will++ Int-3 Slay+6}
   (You found it on level 1 of the Lair of Beasts)

   [amulet of nothing]

   It extends the wearer's berserk rage when killing foes.
   Int:       It affects your intelligence (-3).
   Slay:      It affects your accuracy & damage with ranged weapons and melee
   (+6).
   +Rage:     It lets you go berserk.
   *Rage:     It may make you go berserk in combat.
   Will:      It greatly increases your willpower.
 P - the ring "Tuidghus" (right claw) {rElec Int+6 SInv}
   (You took it off a deep elf sorcerer on level 5 of the Vaults)

   [ring of intelligence]

   Int:       It affects your intelligence (+6).
   rElec:     It insulates you from electricity.
   SInv:      It lets you see invisible.
 Q - the ring "Ilye" {+Blink rElec rPois}
   (You found it on level 2 of the Depths)

   [ring of poison resistance]

   rElec:     It insulates you from electricity.
   rPois:     It protects you from poison.
   +Blink:    It lets you blink.
 U - a +6 ring of strength
Wands
 m - a wand of mindburst (6)
 q - a wand of acid (35)
 r - a wand of digging (24)
 D - a wand of iceblast (90)
 L - a wand of charming (38)
 X - a wand of paralysis (36)
Scrolls
 b - 14 scrolls of identify
 f - 4 scrolls of fear
 h - 4 scrolls of immolation
 u - 3 scrolls of fog
 F - 8 scrolls of teleportation
 J - 3 scrolls of blinking
 M - 3 scrolls of holy word
 V - 5 scrolls of silence
 W - 6 scrolls of torment
 Z - 10 scrolls of magic mapping
Potions
 i - 5 potions of might
 j - 14 potions of curing
 k - 3 potions of ambrosia
 l - 7 potions of lignification
 n - 4 potions of cancellation
 v - a potion of mutation
 w - a potion of haste
 x - 3 potions of brilliance
 K - 2 potions of invisibility
 T - 2 potions of resistance
 Y - 6 potions of attraction
Miscellaneous
 g - a lightning rod (4/4)
 p - a box of beasts
 A - a phantom mirror
 B - a phial of floods
 R - a tin of tremorstones (2/2)


   Skills:
 - Level 11.0 Fighting
 + Level 25.8 Throwing
 - Level 12.0 Armour
 - Level 11.7 Dodging
 - Level 0.3 Stealth
 - Level 15.0 Shields
 - Level 20.0 Unarmed Combat
 - Level 17.2 Invocations
 - Level 11.0 Evocations


You had 26 spell levels left.
You didn't know any spells.
Your spell library contained the following spells:

 Spells                   Type           Power      Damage    Failure   Level
 Animate Skeleton         Necr           0%         N/A       98%         1
 Apportation              Tloc           0%         N/A       98%         1
 Corona                   Hex            0%         N/A       98%         1
 Pain                     Necr           0%         1d4       98%         1
 Sandblast                Erth           0%         2d4       98%         1
 Sting                    Tmut/Pois      0%         1d3       98%         1
 Summon Small Mammal      Summ           0%         N/A       98%         1
 Corpse Rot               Necr/Air       N/A        N/A       99%         2
 Ensorcelled Hibernation  Hex/Ice        0%         N/A       99%         2
 Poisonous Vapours        Pois/Air       0%         N/A       99%         2
 Slow                     Hex            0%         N/A       99%         2
 Confusing Touch          Hex            0%         N/A       100%        3
 Ignite Poison            Fire/Tmut/Pois 0%         N/A       100%        3
 Ozocubu's Armour         Ice            0%         N/A       100%        3
 Spider Form              Tmut/Pois      0%         N/A       100%        3
 Summon Guardian Golem    Hex/Summ       0%         N/A       100%        3
 Vampiric Draining        Necr           0%         2d6       100%        3
 Animate Dead             Necr           0%         N/A       100%        4
 Dispel Undead            Necr           0%         3d6       100%        4
 Hailstorm                Conj/Ice       0%         3d3       100%        4
 Ice Form                 Ice/Tmut       0%         N/A       100%        4
 Olgreb's Toxic Radiance  Pois           0%         N/A       100%        4
 Passage of Golubria      Tloc           N/A        N/A       100%        4
 Petrify                  Tmut/Erth      0%         N/A       100%        4
 Blade Hands              Tmut           0%         N/A       100%        5
 Excruciating Wounds      Necr           0%         N/A       100%        5
 Fireball                 Conj/Fire      0%         3d3       100%        5
 Irradiate                Conj/Tmut      0%         3d13      100%        5
 Iskenderun's Battlesphe  Conj           0%         2d6       100%        5
 Metabolic Englaciation   Hex/Ice        0%         N/A       100%        5
 Silence                  Hex/Air        0%         N/A       100%        5
 Yara's Violent Unravell  Hex/Tmut       0%         3d3       100%        5
 Conjure Ball Lightning   Conj/Air       0%         3x3d6     100%        6
 Death Channel            Necr           0%         N/A       100%        6
 Shadow Creatures         Summ           N/A        N/A       100%        6
 Simulacrum               Ice/Necr       0%         N/A       100%        6
 Statue Form              Tmut/Erth      0%         N/A       100%        6
 Dragon Form              Tmut           0%         N/A       100%        7
 Orb of Destruction       Conj           0%         N/A       100%        7
 Ozocubu's Refrigeration  Ice            0%         4d5       100%        7
 Spellforged Servitor     Conj/Summ      0%         N/A       100%        7
 Borgnjor's Revivificati  Necr           0%         N/A       100%        8
 Lehudib's Crystal Spear  Conj/Erth      0%         10d2      100%        8
 Necromutation            Tmut/Necr      0%         N/A       100%        8
 Chain Lightning          Conj/Air       0%         N/A       100%        9
 Death's Door             Necr           0%         N/A       100%        9
 Fire Storm               Conj/Fire      0%         5d1       100%        9


Dungeon Overview and Level Annotations

Branches:
Dungeon (15/15)            Temple (0/1) D:6            Lair (6/6) D:9
  Swamp (4/4) Lair:2       Spider (4/4) Lair:4        Slime (0/5) Lair:5
    Orc (2/2) D:11            Elf (0/3) Orc:2        Vaults (5/5) D:14
  Crypt (0/3) Vaults:2     Depths (5/5) D:15            Zot (5/5) Depths:5
Gauntlet (visited)

Altars:
Ashenzari
Hepliaklqana
Kikubaaqudgha
Ru
Sif Muna
Trog
Uskayaw
Wu Jian
Xom
Zin
The Shining One
Jiyva
Lugonu

Shops:
D:6 (   D:9 [   D:14 ([:   Orc:2 !(=**   Vaults:2 [   Vaults:4 *   Vaults:5 ?
Depths:4 *

Portals:
Hell: Depths:1 Depths:2 Depths:4 Depths:5
Abyss: Depths:1 Depths:4
Pandemonium: Depths:2
Ziggurat: Depths:5
Trove: D:13 (give 2 scrolls of acquirement)

Annotations:
D:5 2 transporters, quino's ghost, weakling GnDe
Lair:1 2 transporters
Lair:2 exclusion: oklob plant
Spider:4 Mara
Vaults:4 1 runed translucent door, Hios's ghost, adept HOMo
Depths:4 3 runed translucent doors, Raitaz's ghost, journeyman MiBe


Innate Abilities, Weirdness & Mutations

Your life essence is reduced to manifest your ancestor. (-10% HP)
You are too large for most types of armour.
You have claws for hands.
Your natural rate of healing is unusually fast.
You are covered in fur. (AC +1)
You have tough skin. (AC +1)
You are strong-willed. (Will+)


Message History

You climb upwards.
There is a stone staircase leading down here.
A hellion comes into view.
The hellion moves out of view.
The hellion gestures at you.
The sphere of damnation explodes!
The damnation engulfs you!
There is a stone staircase leading up here.
You climb upwards.
There is a stone staircase leading down here.
(D) Dungeon (T) Temple (L) Lair (S) Swamp (N) Spider Nest (M) Slime Pits (O) Orcish Mines (E) Elven Halls (V) Vaults (C) Crypt (U) Depths (H) Hell (Z) Zot
Where to? (Enter - D:1, ? - help) HP restored.
There is a stone staircase leading up here.
You climb upwards.
There is a stone staircase leading down here.
There is a stone staircase leading up here.
You climb upwards.
Level annotation: 2 transporters, quino's ghost, weakling GnDe
There is a stone staircase leading down here.
There is a stone staircase leading up here.
You climb upwards.
There is a stone staircase leading down here.
There is a stone staircase leading up here.
You climb upwards.
There is a stone staircase leading down here.
You swap places.
There is an open door, spattered with blood here.
There is a stone staircase leading up here.
You climb upwards.
There is a stone staircase leading down here.
You swap places.
There is a stone staircase leading up here.
You climb upwards.
There is a stone staircase leading down here.
There is a staircase leading out of the dungeon here.
You see here a +0 short sword.
You have escaped!

#.#.#.##..## #......#
#..........# #...##.#
##..........## #...##.#
##............# #.......
###..#.....♣...>###.......
#...##....8....).#####....
##.####.........#..## ##.##
#######..## #.........##..####.##
..........# #...@R....###........
..........# #.........# ####.....
......)...# ###..#.#### ##....
..........# #.##.#### #....
..........# #.......#######....
..........# #..................
..........#####.......###########
..........†.....#######
..........####..#


You could see the friendly Amnanu the knight.

Vanquished Creatures
  4 orbs of fire
  Tiamat (Zot:1)
  A juggernaut (Depths:5)
  4 Killer Klowns (Zot:5)
  Margery (Vaults:4)
  3 curse toes
  2 caustic shrikes (Depths:5)
  Jory (Depths:5)
  5 golden dragons
  Nikola (Swamp:3)
  Arachne (Spider:3)
  2 electric golems
  4 tentacled monstrosities
  15 Orb Guardians
  3 titans
  Asterion (Spider:4)
  A lich (Depths:2)
  3 quicksilver dragons
  Gastronok (D:8)
  7 sphinxes
  7 death cobs
  2 thorn hunters (Swamp:4)
  A shadow dragon (Zot:4)
  10 storm dragons
  6 tengu reavers
  4 draconian monks
  A fenstrider witch (Swamp:4)
  6 fire giants
  Louise (Swamp:3)
  4 ghost moths
  Aizul (Swamp:3)
  A balrug (Zot:1)
  5 frost giants
  2 deep elf sorcerers
  An iron dragon (Depths:2)
  23 vault wardens
  2 draconian scorchers
  2 orc warlords
  5 draconian knights
  An emperor scorpion (shapeshifter) (Vaults:5)
  6 emperor scorpions
  A draconian stormcaller (Zot:2)
  3 ghouls (Swamp:1)
  4 draconian annihilators
  3 draconian shifters
  A reaper (Depths:1)
  18 ironbound preservers
  21 very ugly things
  6 war gargoyles
  3 spriggan defenders
  9 green draconians
  7 stone giants
  Nessos (Lair:4)
  4 dire elephants
  A deep elf demonologist (Vaults:3)
  A minotaur (Gauntlet)
  7 black draconians
  2 vampire knights
  10 red draconians
  12 white draconians
  4 entropy weavers
  7 yellow draconians
  A bunyip (Swamp:1)
  5 spark wasps
  3 deep elf annihilators
  7 purple draconians
  A blizzard demon (Depths:4)
  10 ettins
  A green death (Depths:4)
  5 eleionomae
  A crystal guardian (Vaults:2)
  3 fire dragons
  12 yaktaur captains
  4 ironbound thunderhulks
  Erolcha (Orc:1)
  A shambling mangrove (Swamp:3)
  4 rakshasas
  33 vault guards
  7 great orbs of eyes
  A hell beast (Depths:4)
  20 hydras
  The ghost of Ogauff the Unseen, a journeyman FeFi of Okawaru (Swamp:3)
  3 ghost crabs
  3 boulder beetles
  8 ironbound frosthearts
  3 peacekeepers
  8 ice dragons
  2 death knights (Vaults:2)
  3 spriggan air magi
  2 ogre magi
  3 catoblepae
  12 two-headed ogres
  A satyr (shapeshifter) (Depths:2)
  11 centaur warriors
  10 death yaks
  6 alligators
  3 vampire magi (Depths:2)
  5 tengu warriors
  9 deep troll shamans
  8 deep troll earth magi
  3 ironbound beastmasters
  A thrashing horror (Gauntlet)
  A soul eater (Zot:2)
  4 spriggan berserkers
  3 orc high priests (Orc:2)
  8 spriggans
  15 hell knights
  A shadow wraith (Vaults:2)
  2 sun demons (Depths:4)
  7 iron trolls
  A sixfirhy (Depths:1)
  A skeletal warrior (D:15)
  53 deep trolls
  2 goliath frogs
  A death drake (shapeshifter) (Depths:2)
  7 glowing orange brains
  4 bog bodies (Swamp:1)
  A spriggan druid (Swamp:3)
  16 wizards
  2 lindwurms (Swamp:4)
  An orange crystal statue (Zot:5)
  17 ironbound convokers
  A flayed ghost (Depths:4)
  6 harpies (Vaults:3)
  6 phantasmal warriors
  2 obsidian statues
  10 swamp dragons
  6 necromancers
  3 deep elf pyromancers
  53 ugly things
  3 orc knights (Orc:2)
  9 orb spiders
  A stone giant zombie (D:15)
  16 wolf spiders
  A mana viper (shapeshifter) (Depths:2)
  26 slime creatures
  A manticore (Lair:4)
  A moth of wrath (shapeshifter) (Depths:2)
  5 orc sorcerers (Orc:2)
  3 will-o-the-wisps
  4 cyclopes
  2 frost giant zombies (Depths:1)
  26 moths of wrath
  13 elephants
  An elf zombie (Depths:1)
  4 black mambas
  2 smoke demons
  25 vault sentinels
  4 torpor snails
  Psyche (D:12)
  3 gargoyles
  13 cane toads
  3 efreet
  A komodo dragon (shapeshifter) (D:11)
  6 komodo dragons
  4 rime drakes
  20 yaktaurs
  An ice devil (Gauntlet)
  3 tengu conjurers (Depths:2)
  8 demonic crawlers
  A bloated husk (Swamp:3)
  A jumping spider (shapeshifter) (Vaults:5)
  3 trolls
  A polar bear (shapeshifter) (Vaults:5)
  A red devil (Zot:1)
  8 tyrant leeches
  4 polar bears
  30 jumping spiders
  7 hornets
  10 blink frogs
  A deep troll zombie (D:15)
  4 dream sheep (Lair:4)
  A fire dragon zombie (D:15)
  50 redbacks
  A vampire (D:10)
  Sigmund (D:3)
  A spriggan simulacrum (Depths:1)
  A spriggan (shapeshifter) (D:14)
  21 tarantellas
  4 wyverns
  3 wraiths
  39 yaks
  A steam dragon (D:9)
  3 water elementals (Depths:5)
  Eustachio (D:5)
  Menkaure (D:5)
  3 basilisks
  25 vampire mosquitoes
  9 swamp worms
  2 wargs
  16 water moccasins
  3 swamp drakes
  23 orc warriors
  2 sky beasts
  A black bear (D:6)
  2 ice beasts (Vaults:4)
  A sky beast (shapeshifter) (D:14)
  2 ogres
  2 necrophages
  5 wolves (Lair:4)
  A centaur (D:6)
  2 small abominations (Gauntlet)
  4 boggarts (Vaults:2)
  3 kobold brigands
  Blork the orc (D:5)
  18 bullfrogs
  4 scorpions
  3 gnoll sergeants
  A wyvern skeleton (D:6)
  A water moccasin skeleton (D:4)
  A water moccasin zombie (D:6)
  6 wights
  2 electric eels
  4 howler monkeys
  3 centaur zombies
  2 hounds
  2 jellies (D:4)
  A bullfrog skeleton (D:6)
  12 orc priests
  3 iguanas
  16 orc wizards
  A killer bee zombie (D:7)
  2 howler monkey zombies (D:10)
  13 gnolls
  5 adders
  2 white imps (Gauntlet)
  An adder skeleton (D:4)
  A dart slug (D:5)
  66 orcs
  5 endoplasms
  2 giant cockroaches (D:2)
  4 goblins
  5 hobgoblins
  16 jackals
  5 quokkas
  4 ball pythons
  3 bats
  A frilled lizard (D:1)
  18 kobolds
  A quokka skeleton (D:2)
  4 rats
1490 creatures vanquished.

Vanquished Creatures (collateral kills)
  2 dread liches (Vaults:5)
  3 Killer Klowns (Zot:5)
  Frederick (Vaults:2)
  Bai Suzhen (Vaults:2)
  3 caustic shrikes (Depths:5)
  2 electric golems
  A Hell Sentinel (Depths:5)
  9 tentacled monstrosities
  Jorgrun (Orc:2)
  A lich (Depths:4)
  A quicksilver dragon (Vaults:5)
  12 Orb Guardians
  2 death cobs (Zot:2)
  3 sphinxes
  5 shadow dragons (Vaults:5)
  Kirke (Lair:6)
  2 storm dragons
  A tengu reaver (Vaults:5)
  A draconian monk (Zot:1)
  2 ghost moths
  5 fire giants
  A draconian knight (Zot:2)
  3 draconian scorchers
  An iron dragon (Depths:2)
  3 vault wardens
  A cacodemon (Depths:4)
  A frost giant (Depths:4)
  2 emperor scorpions (Spider:4)
  2 draconian stormcallers
  A war gargoyle (Vaults:5)
  13 very ugly things
  3 draconian annihilators (Zot:2)
  4 stone giants
  3 ironbound preservers
  5 green draconians
  2 black draconians
  3 spark wasps
  2 red draconians
  2 dire elephants
  A deep elf demonologist (Vaults:5)
  5 white draconians
  A yellow draconian (Zot:4)
  A purple draconian (Zot:4)
  4 entropy weavers
  A crystal guardian (Vaults:4)
  A blizzard demon (Depths:4)
  A merfolk javelineer (Depths:1)
  4 fire dragons
  4 yaktaur captains
  2 ettins (Vaults:5)
  A great orb of eyes (Vaults:4)
  A rakshasa (Depths:2)
  9 vault guards
  A shambling mangrove (Swamp:3)
  3 boulder beetles
  A peacekeeper (Vaults:4)
  Erica (D:8)
  9 hydras
  An ogre mage (Vaults:5)
  A spriggan air mage (Depths:2)
  4 ice dragons
  2 two-headed ogres
  2 ghost crabs (Swamp:4)
  An ironbound frostheart (Vaults:4)
  4 alligators
  2 deep troll shamans
  3 tengu warriors
  A vampire mage (D:15)
  4 hell hogs (Depths:1)
  3 spriggan berserkers
  3 hell knights (Depths:5)
  A soul eater (Depths:4)
  A sun demon (Zot:1)
  5 spriggans
  A skeletal warrior (D:15)
  A spriggan druid (Swamp:1)
  A sixfirhy (Depths:4)
  2 goliath frogs
  2 flayed ghosts (Depths:2)
  2 iron trolls (Depths:4)
  An obsidian statue (Gauntlet)
  A swamp dragon (Swamp:4)
  14 deep trolls
  2 glowing orange brains
  5 ironbound convokers
  3 orc knights
  2 phantasmal warriors (Vaults:5)
  2 necromancers
  A lindwurm (Swamp:4)
  7 wizards
  A deep elf pyromancer (D:13)
  4 harpies (Vaults:5)
  An orc sorcerer (Orc:1)
  7 orb spiders
  A will-o-the-wisp (Swamp:4)
  A wolf spider (shapeshifter) (Vaults:5)
  4 wolf spiders
  A cyclops (D:12)
  15 ugly things
  A cyclops (shapeshifter) (Depths:4)
  A moth of wrath (Zot:4)
  7 vault sentinels
  An elephant (Lair:1)
  A black mamba (Lair:4)
  A rime drake (Lair:2)
  An orange demon (Depths:4)
  16 yaktaurs
  3 komodo dragons
  2 tengu conjurers
  6 cane toads
  A red devil (Depths:4)
  4 demonic crawlers
  9 jumping spiders
  A meliai (D:14)
  A polar bear (Vaults:4)
  Prince Ribbit (D:6)
  5 hornets
  10 slime creatures
  A tyrant leech (Swamp:3)
  A dream sheep (shapeshifter) (D:10)
  A dream sheep (Lair:4)
  2 blink frogs
  A stone giant simulacrum (Depths:1)
  28 redbacks
  9 tarantellas
  A spriggan skeleton (D:15)
  A wyvern (Lair:4)
  A basilisk (D:15)
  11 yaks
  6 vampire mosquitoes
  3 swamp worms
  3 water moccasins
  2 swamp drakes (Swamp:4)
  9 orc warriors
  2 black bears
  A wolf (Lair:4)
  A phantom (D:6)
  3 bullfrogs
  A gnoll sergeant (D:11)
  A wyvern zombie (D:5)
  A wight (D:6)
  A howler monkey (D:4)
  A bullfrog skeleton (D:5)
  A jelly (D:6)
  6 orc priests
  A hound (D:4)
  An iguana (D:5)
  3 orc wizards
  6 gnolls
  2 adders
  A white imp (Gauntlet)
  13 orcs
  A ball python (D:2)
  A frilled lizard (D:2)
  7 kobolds
489 creatures vanquished.

Vanquished Creatures (others)
  A fire giant (Depths:2)
  A yaktaur captain (Vaults:5)
  A spriggan druid (Swamp:4)
  A necromancer (Depths:5)
  A wizard (Vaults:4)
  A jumping spider (Spider:3)
  A slime creature (D:14)
  2 redbacks
  A swamp worm (Swamp:4)
  A bullfrog (Lair:4)
  32 knights
  An orc wizard (Orc:2)
  2 ancestors (D:3)
  A briar patch (Swamp:4)
  16 foxfires
  27 fungi
  160 plants
  6 withered plants
256 creatures vanquished.

Grand Total: 2235 creatures vanquished

Notes
Turn   | Place    | Note
-------+----------+-------------------------------------------
     0 | D:1      | RandomHacker the Troll Hunter began the quest for the Orb.
     0 | D:1      | Reached XP level 1. HP: 19/19 MP: 0/0
   118 | D:1      | Reached skill level 1 in Unarmed Combat
   195 | D:1      | Reached XP level 2. HP: 27/27 MP: 1/1
   535 | D:2      | Reached XP level 3. HP: 29/33 MP: 2/2
   569 | D:2      | Reached skill level 3 in Unarmed Combat
   664 | D:2      | Reached XP level 4. HP: 41/41 MP: 3/3
   753 | D:2      | Found a faded altar of an unknown god.
   799 | D:2      | Became a worshipper of Hepliaklqana the Forgotten
   799 | D:2      | Reached * piety under Hepliaklqana
  1113 | D:3      | Noticed a water moccasin
  1118 | D:3      | Killed a water moccasin
  1119 | D:3      | Reached skill level 1 in Invocations
  1119 | D:3      | Reached XP level 5. HP: 19/44 MP: 4/4
  1189 | D:3      | Noticed a water moccasin
  1202 | D:3      | Killed a water moccasin
  1203 | D:3      | Reached XP level 6. HP: 9/51 MP: 4/6
  1357 | D:3      | Noticed Sigmund
  1411 | D:3      | Killed Sigmund
  1501 | D:3      | Reached XP level 7. HP: 57/59 MP: 7/7
  1503 | D:3      | Found an ancient bone altar of Kikubaaqudgha.
  1512 | D:3      | Found a glowing silver altar of Zin.
  1543 | D:3      | Reached ** piety under Hepliaklqana
  1544 | D:3      | Remembered your ancestor Amnanu as a knight
  2259 | D:4      | Reached skill level 6 in Unarmed Combat
  2271 | D:4      | Reached skill level 3 in Fighting
  2271 | D:4      | Reached skill level 3 in Dodging
  2641 | D:5      | Entered Level 5 of the Dungeon
  2657 | D:5      | Reached XP level 8. HP: 61/67 MP: 8/8
  2890 | D:5      | Noticed Eustachio
  2911 | D:5      | Killed Eustachio
  2941 | D:5      | Found an ornate altar of the Wu Jian Council.
  2989 | D:5      | Noticed Menkaure
  2993 | D:5      | Killed Menkaure
  3070 | D:5      | Noticed Blork the orc
  3073 | D:5      | Reached *** piety under Hepliaklqana
  3075 | D:5      | Killed Blork the orc
  3112 | D:5      | Found a transporter.
  3113 | D:5      | Found a transporter.
  3113 | D:5      | Noticed quino's ghost (weakling GnDe)
  3502 | D:6      | Found a staircase to the Ecumenical Temple.
  3752 | D:6      | Noticed Prince Ribbit
  3756 | D:6      | Killed Prince Ribbit
  3757 | D:6      | Reached XP level 9. HP: 55/76 MP: 9/9
  3788 | D:6      | Reached skill level 9 in Unarmed Combat
  3844 | D:6      | Found Tudiatt's Antique Weapon Shop.
  3962 | D:6      | Reached **** piety under Hepliaklqana
  4613 | D:7      | Found a broken altar of Ashenzari.
  4629 | D:7      | Found a glowing golden altar of the Shining One.
  4653 | D:7      | Found a sacrificial altar of Ru.
  4656 | D:7      | Found a shimmering altar of Xom.
  5448 | D:8      | Found a hide-covered altar of Uskayaw.
  5487 | D:8      | Noticed Gastronok
  5505 | D:8      | Killed Gastronok
  5506 | D:8      | Reached skill level 6 in Fighting
  5506 | D:8      | Reached skill level 6 in Dodging
  5506 | D:8      | Reached XP level 10. HP: 32/88 MP: 10/10
  5705 | D:8      | Found a bloodstained altar of Trog.
  5786 | D:8      | Noticed a two-headed ogre
  5793 | D:8      | Killed a two-headed ogre
  5794 | D:8      | Reached skill level 12 in Unarmed Combat
  5998 | D:8      | Noticed Erica
  6022 | D:8      | Killed Erica
  6073 | D:9      | Found Votoroho's Antique Armour Shoppe.
  6277 | D:9      | Reached XP level 11. HP: 85/94 MP: 11/11
  6278 | D:9      | Noticed a two-headed ogre
  6327 | D:9      | Killed a two-headed ogre
  6697 | D:9      | Found a staircase to the Lair.
  6716 | Lair:1   | Entered Level 1 of the Lair of Beasts
  6775 | Lair:1   | Reached skill level 1 in Evocations
  6915 | Lair:1   | Reached skill level 3 in Invocations
  7010 | Lair:1   | Found the necklace of Bloodlust {*Rage +Rage Will++ Int-3
                  | Slay+6}
  7039 | Lair:1   | Reached ***** piety under Hepliaklqana
  7191 | Lair:1   | Found a transporter.
  7224 | Lair:1   | Found a transporter.
  7225 | Lair:1   | Found the -2 hat of the Alchemist {rElec rPois rF+ rC+ rN+
                  | Will+ rMut rCorr}
  7634 | Lair:2   | Reached skill level 3 in Evocations
  7653 | Lair:2   | Noticed an oklob plant
  7764 | Lair:2   | Noticed a seven-headed hydra
  7818 | Lair:2   | Killed a seven-headed hydra
  7819 | Lair:2   | Reached skill level 15 in Unarmed Combat
  7819 | Lair:2   | Reached XP level 12. HP: 102/102 MP: 14/14
  7835 | Lair:2   | Found a staircase to the Swamp.
  7917 | Lair:2   | Identified a scroll of acquirement
  7918 | Lair:2   | Acquired a +6 ring of strength
  7958 | Lair:2   | Noticed a six-headed hydra
  7987 | Lair:2   | Killed a ten-headed hydra
  8476 | Lair:3   | Reached skill level 6 in Invocations
  8504 | Lair:3   | Reached skill level 1 in Armour
  8548 | Lair:3   | Noticed an eight-headed hydra
  8554 | Lair:3   | Killed an eight-headed hydra
  9272 | Lair:4   | Reached skill level 1 in Shields
  9310 | Lair:4   | Noticed Nessos
  9369 | Lair:4   | Killed Nessos
  9370 | Lair:4   | Reached skill level 3 in Shields
  9626 | Lair:4   | Noticed an eight-headed hydra
  9628 | Lair:4   | Noticed a boulder beetle
  9636 | Lair:4   | Killed an eight-headed hydra
  9642 | Lair:4   | Killed a boulder beetle
  9643 | Lair:4   | Reached skill level 6 in Shields
  9682 | Lair:4   | Reached ****** piety under Hepliaklqana
  9703 | Lair:4   | Identified the -8 kite shield of the King of the Hill {rC+}
  9743 | Lair:4   | Reached XP level 13. HP: 26/108 MP: 16/16
  9973 | Lair:4   | Found a hole to the Spider Nest.
 11042 | Lair:6   | Entered Level 6 of the Lair of Beasts
 11051 | Lair:5   | Reached skill level 9 in Shields
 11261 | Lair:5   | Found a staircase to the Slime Pits.
 12184 | Lair:6   | Reached XP level 14. HP: 110/117 MP: 17/17
 12324 | Lair:6   | Reached skill level 12 in Shields
 12713 | Lair:6   | Noticed Kirke
 12721 | Lair:6   | Killed Kirke
 13003 | Lair:6   | Identified the +5 short sword of Proximity {spect, rF+}
 13630 | D:10     | Entered Level 10 of the Dungeon
 13716 | D:10     | Acquired 1135 gold pieces
 13949 | D:10     | You fall into a shaft and drop 2 floors!
 14504 | D:11     | Found a staircase to the Orcish Mines.
 15300 | D:12     | Noticed Psyche
 15387 | D:12     | Killed Psyche
 15399 | D:12     | Reached XP level 15. HP: 93/126 MP: 18/18
 15868 | D:13     | Reached skill level 4 in Throwing
 16206 | D:13     | Found a portal to a secret trove of treasure.
 16286 | D:14     | Reached skill level 5 in Throwing
 16346 | D:14     | Found Zetelurchuk's Weapon Emporium.
 16352 | D:14     | Got Dyaruw's Compendium of Clay and Poisoning
 16416 | D:14     | Found a gate to the Vaults.
 16438 | D:14     | Reached skill level 6 in Throwing
 16469 | D:14     | Reached skill level 7 in Throwing
 16635 | D:14     | Found Ohijeleq's Armour Boutique.
 16714 | D:14     | Found Enopaza's Book Emporium.
 16931 | D:15     | Entered Level 15 of the Dungeon
 16950 | D:15     | Found a gate leading to a gauntlet.
 16970 | Gauntlet | Entered a Gauntlet
 16970 | Gauntlet | Found a transporter.
 16970 | Gauntlet | Found a transporter.
 16976 | Gauntlet | Found a transporter.
 16991 | Gauntlet | Found a transporter.
 17006 | Gauntlet | Found a transporter.
 17006 | Gauntlet | Found a transporter.
 17006 | Gauntlet | Found a transporter.
 17008 | Gauntlet | Found a transporter.
 17008 | Gauntlet | Found a transporter.
 17029 | Gauntlet | Found a transporter.
 17036 | Gauntlet | Found a transporter.
 17046 | Gauntlet | Found a transporter.
 17051 | Gauntlet | Found a transporter.
 17085 | Gauntlet | Found a transporter.
 17087 | Gauntlet | Found the +3 pair of seven-league boots {Rampage+∞}
 17234 | Gauntlet | Identified the ring of Winturic {*Slow rElec rPois rC++
                  | Int+6}
 17274 | Gauntlet | Identified the +3 ring mail of the Lion {rElec Will+++
                  | Str-5 Dex-3}
 17275 | Gauntlet | Found the +9 scales of the Dragon King {rPois rF+ rC+
                  | Will+}
 17292 | Gauntlet | Reached skill level 8 in Throwing
 17367 | Gauntlet | Identified the ring "Jonim" {rPois rN+}
 17367 | Gauntlet | Identified the +7 broad axe of Vanity {vorpal, rElec MP+9}
 17367 | Gauntlet | Identified the +2 chain mail "Meroj" {Regen+ Str+4}
 17474 | D:15     | Found a bloodstained altar of Trog.
 17485 | D:15     | Reached skill level 3 in Armour
 17550 | D:15     | Identified the ring of Ylum {rPois Str+3}
 17642 | D:15     | Found a staircase to the Depths.
 18105 | Orc:1    | Entered Level 1 of the Orcish Mines
 18287 | Orc:2    | Entered Level 2 of the Orcish Mines
 18386 | Orc:2    | Noticed an orc warlord
 18396 | Orc:2    | Reached skill level 6 in Armour
 18414 | Orc:2    | Killed an orc warlord
 18541 | Orc:2    | Found Puagafo's Distillery.
 18740 | Orc:2    | Found Meatetsu's Assorted Antiques.
 18823 | Orc:2    | Found a staircase to the Elven Halls.
 18848 | Orc:2    | Noticed Jorgrun
 18856 | Orc:2    | Killed Jorgrun
 18857 | Orc:2    | Reached XP level 16. HP: 136/136 MP: 19/19
 19206 | Orc:2    | Found Omept's Weapon Boutique.
 19207 | Orc:2    | Found Mysi's Assorted Antiques.
 19218 | Orc:2    | Found Ygreg's Jewellery Shoppe.
 19357 | Orc:2    | Bought a scroll of identify for 70 gold pieces
 19502 | Orc:2    | Bought a potion of resistance for 130 gold pieces
 19512 | Orc:2    | Bought a scroll of identify for 32 gold pieces
 19639 | Orc:1    | Noticed Erolcha
 19647 | Orc:1    | Killed Erolcha
 20057 | Spider:1 | Entered Level 1 of the Spider Nest
 20627 | Spider:1 | Reached skill level 9 in Armour
 21248 | Spider:2 | Identified the +2 robe "Saiton" {rElec rPois rF++ Will-}
 21479 | Spider:2 | Identified the +11 mace of Defiance {vorpal, Int+6 Dex+2}
 22006 | Spider:3 | Noticed Arachne
 22279 | Spider:3 | Killed Arachne
 22694 | Spider:4 | Entered Level 4 of the Spider Nest
 22704 | Spider:4 | Noticed Mara
 22709 | Spider:4 | Noticed RandomHacker's illusion
 22856 | Spider:3 | Reached XP level 17. HP: 136/142 MP: 20/20
 23398 | Spider:4 | Reached skill level 12 in Armour
 23529 | Spider:4 | Got a gossamer rune of Zot
 23719 | Spider:4 | Noticed Asterion
 23734 | Spider:4 | Killed Asterion
 23785 | Spider:4 | Noticed RandomHacker's illusion
 23940 | Swamp:1  | Entered Level 1 of the Swamp
 24128 | Swamp:1  | Reached skill level 15 in Shields
 24132 | Swamp:1  | Reached skill level 9 in Throwing
 24366 | Swamp:1  | Found the +6 shillelagh "Devastator" {shatter}
 24899 | Swamp:2  | Identified the +6 scimitar "Qeuni" {freeze, rC+ Will+}
 25496 | Swamp:3  | Noticed Aizul
 25511 | Swamp:3  | Killed Aizul
 25524 | Swamp:3  | Reached XP level 18. HP: 122/150 MP: 21/21
 25554 | Swamp:3  | Found a transporter.
 25584 | Swamp:3  | Found a bloodstained altar of Trog.
 25584 | Swamp:3  | Noticed Ogauff's ghost (journeyman FeFi)
 25597 | Swamp:3  | Found a transporter.
 25606 | Swamp:3  | Noticed Louise
 25611 | Swamp:3  | Noticed Nikola
 25617 | Swamp:3  | Killed Nikola
 25625 | Swamp:3  | Killed Louise
 25675 | Swamp:3  | Identified the +8 dagger of Glory {vorpal, Int+2}
 26000 | Swamp:3  | Killed Ogauff's ghost
 26131 | Swamp:4  | Entered Level 4 of the Swamp
 26471 | Swamp:4  | Reached skill level 18 in Unarmed Combat
 26849 | Swamp:4  | Got a decaying rune of Zot
 26877 | Swamp:4  | Acquired a manual of Throwing
 26878 | Swamp:4  | Acquired a manual of Dodging
 26879 | Swamp:4  | Acquired the ring "Cuobbaeh" {Fly rPois Will+ Int+3}
 27337 | Vaults:1 | Entered Level 1 of the Vaults
 27836 | Vaults:1 | Reached skill level 10 in Throwing
 28204 | Vaults:1 | Reached XP level 19. HP: 100/156 MP: 22/22
 28745 | Vaults:2 | Reached skill level 11 in Throwing
 28745 | Vaults:2 | Noticed Bai Suzhen
 28749 | Vaults:2 | Noticed Frederick
 28761 | Vaults:2 | Killed Frederick
 28767 | Vaults:2 | Killed Bai Suzhen
 29094 | Vaults:2 | Reached skill level 9 in Dodging
 29312 | Vaults:2 | Reached skill level 12 in Throwing
 29593 | Vaults:2 | Reached skill level 13 in Throwing
 29794 | Vaults:2 | Found a staircase to the Crypt.
 29957 | Vaults:2 | Found Pantaipp's Antique Armour Boutique.
 30228 | Vaults:2 | Reached skill level 14 in Throwing
 30369 | Vaults:3 | Reached XP level 20. HP: 153/164 MP: 23/23
 31100 | Vaults:3 | Paralysed by a sphinx for 6 turns
 31105 | Vaults:3 | Reached skill level 15 in Throwing
 32202 | Vaults:4 | Reached skill level 9 in Invocations
 32665 | Vaults:4 | Reached skill level 16 in Throwing
 32676 | Vaults:4 | Noticed Margery
 32800 | Vaults:4 | Reached XP level 21. HP: 169/171 MP: 22/27
 32896 | Vaults:4 | Killed Margery
 32935 | Vaults:4 | Reached skill level 17 in Throwing
 33163 | Vaults:4 | Reached skill level 6 in Evocations
 33390 | Vaults:4 | Found Hahal's General Store.
 34067 | Vaults:4 | Found a runed translucent door.
 34110 | Vaults:4 | Noticed Hios's ghost (adept HOMo)
 34183 | Vaults:5 | Entered Level 5 of the Vaults
 34394 | Vaults:5 | Noticed a dread lich
 34525 | Vaults:5 | Killed a dread lich
 34624 | Vaults:5 | Reached skill level 18 in Throwing
 34633 | Vaults:5 | Reached XP level 22. HP: 168/178 MP: 28/28
 34652 | Vaults:5 | Identified the ring "Tuidghus" {rElec Int+6 SInv}
 34856 | Vaults:5 | Identified the ring "Edyquses" {Fire rCorr Int+3}
 34866 | Vaults:5 | Noticed a dread lich
 34875 | Vaults:5 | Killed a dread lich
 34876 | Vaults:5 | Reached skill level 9 in Evocations
 34936 | Vaults:5 | Noticed a golden dragon
 34942 | Vaults:5 | Killed a golden dragon
 35420 | Vaults:5 | Reached skill level 19 in Throwing
 35497 | Vaults:5 | Found Fiemp's Magic Scroll Shoppe.
 35559 | Vaults:5 | Bought a scroll of teleportation for 63 gold pieces
 35559 | Vaults:5 | Bought a scroll of fog for 42 gold pieces
 35559 | Vaults:5 | Bought a scroll of teleportation for 63 gold pieces
 35559 | Vaults:5 | Bought a scroll of enchant armour for 157 gold pieces
 35559 | Vaults:5 | Bought a scroll of fear for 73 gold pieces
 35559 | Vaults:5 | Bought a scroll of teleportation for 63 gold pieces
 35559 | Vaults:5 | Bought a scroll of blinking for 157 gold pieces
 35564 | Vaults:5 | Got a silver rune of Zot
 36376 | Depths:1 | Entered Level 1 of the Depths
 36700 | Depths:1 | Found a one-way gate to the infinite horrors of the Abyss.
 37144 | Depths:1 | Found a gateway to Hell.
 37160 | Depths:1 | Reached XP level 23. HP: 185/185 MP: 29/29
 37392 | Depths:2 | Found a one-way gate leading to the halls of Pandemonium.
 37472 | Depths:2 | Identified the +5 chain mail "Cunamm" {Rampage rElec}
 37521 | Depths:2 | Reached skill level 20 in Throwing
 37590 | Depths:2 | Identified the +6 hand axe of the Moth {drain, rF++ Will+
                  | SInv}
 37595 | Depths:2 | Got the Grimoire of Darkness
 38192 | Depths:2 | Identified the ring of Jiuroof {Str-5 Dex+5 SInv}
 38229 | Depths:2 | Identified the ring of Reimbursement {Fire rPois}
 38244 | Depths:2 | Reached skill level 21 in Throwing
 38588 | Depths:2 | Identified the ring "Ilye" {+Blink rElec rPois}
 38607 | Depths:2 | Identified the +3 halberd of Wakausyo {drain, Str+4 Stlth+}
 38782 | Depths:5 | Entered Level 5 of the Depths
 38782 | Depths:5 | Noticed a juggernaut
 38913 | Depths:4 | Found a runed translucent gate.
 38913 | Depths:4 | Found a runed translucent gate.
 38913 | Depths:4 | Found a runed translucent gate.
 38919 | Depths:4 | Noticed Raitaz's ghost (journeyman MiBe)
 39027 | Depths:4 | Found a corrupted altar of Lugonu.
 39062 | Depths:4 | Found a shimmering blue altar of Sif Muna.
 39101 | Depths:4 | Reached skill level 9 in Fighting
 39207 | Depths:4 | Found Kobegibb's Elemental Accessories.
 39620 | Depths:4 | Reached XP level 24. HP: 198/198 MP: 30/30
 39943 | Depths:4 | Reached skill level 12 in Invocations
 40087 | Depths:4 | Identified the +4 plate armour "Ruskoe" {+Inv}
 40517 | Depths:4 | Identified the +8 spear "Orb Guardian's Curse" {flame,
                  | Drain rElec rCorr MP+9}
 40608 | Depths:4 | Found a viscous altar of Jiyva.
 41015 | Depths:5 | Found a gateway to a ziggurat.
 41227 | Depths:5 | Found a gate to the Realm of Zot.
 41305 | Depths:5 | Killed a juggernaut
 41558 | Depths:5 | Noticed Jory
 41572 | Depths:5 | Killed Jory
 41830 | Depths:5 | Reached skill level 15 in Invocations
 41903 | Zot:1    | Entered Level 1 of the Realm of Zot
 42215 | Zot:1    | Found the +4 dragonskin cloak
 42215 | Zot:1    | Noticed Tiamat
 42265 | Zot:1    | Killed Tiamat
 42276 | Zot:1    | Reached XP level 25. HP: 111/211 MP: 33/33
 44781 | Zot:3    | Reached skill level 22 in Throwing
 44868 | Zot:3    | Noticed an orb of fire
 44869 | Zot:3    | Gained mutation: You are dopey. (Int -2) [an orb of fire]
 44877 | Zot:3    | Gained mutation: You occasionally shout uncontrollably at
                  | your foes. [an orb of fire]
 44879 | Zot:3    | Gained mutation: Your spells are a little easier to cast,
                  | but a little less powerful. [an orb of fire]
 44880 | Zot:3    | Killed an orb of fire
 45699 | Zot:5    | Entered Level 5 of the Realm of Zot
 45847 | Zot:4    | Reached XP level 26. HP: 156/219 MP: 34/34
 46019 | Zot:4    | Found a shimmering altar of Xom.
 46059 | Zot:4    | Reached skill level 23 in Throwing
 47123 | Zot:5    | Noticed an orb of fire
 47134 | Zot:5    | Killed an orb of fire
 47423 | Zot:5    | Reached skill level 24 in Throwing
 47486 | Zot:5    | Noticed an orb of fire
 47492 | Zot:5    | Noticed an orb of fire
 47495 | Zot:5    | Gained mutation: Armour fits poorly on your strangely
                  | shaped body. [an orb of fire]
 47504 | Zot:5    | Killed an orb of fire
 47520 | Zot:5    | Killed an orb of fire
 47551 | Zot:5    | Reached skill level 25 in Throwing
 47722 | Zot:5    | Reached XP level 27. HP: 226/226 MP: 34/34
 48099 | Zot:5    | Got the Orb of Zot
 48176 | Zot:3    | Noticed Dusuwo Pete the pandemonium lord
 48450 | D:15     | Lost mutation: You are dopey. (Int -2) [potion of mutation]
 48450 | D:15     | Lost mutation: Your spells are a little easier to cast, but
                  | a little less powerful. [potion of mutation]
 48450 | D:15     | Gained mutation: Your body sometimes deteriorates upon
                  | taking damage. [potion of mutation]
 48450 | D:15     | Gained mutation: You frequently scream uncontrollably at
                  | your foes. [potion of mutation]
 48450 | D:15     | Gained mutation: Your flesh is heat resistant. (rF+)
                  | [potion of mutation]
 48451 | D:15     | Lost mutation: Armour fits poorly on your strangely shaped
                  | body. [potion of mutation]
 48451 | D:15     | Lost mutation: Your flesh is heat resistant. (rF+) [potion
                  | of mutation]
 48451 | D:15     | Lost mutation: Your body sometimes deteriorates upon taking
                  | damage. [potion of mutation]
 48452 | D:15     | Lost mutation: You frequently scream uncontrollably at your
                  | foes. [potion of mutation]
 48452 | D:15     | Lost mutation: You occasionally shout uncontrollably at
                  | your foes. [potion of mutation]
 48452 | D:15     | Gained mutation: Your body sometimes deteriorates upon
                  | taking damage. [potion of mutation]
 48452 | D:15     | Gained mutation: You have a pair of small horns on your
                  | head. [potion of mutation]
 48453 | D:15     | Lost mutation: Your body sometimes deteriorates upon taking
                  | damage. [potion of mutation]
 48453 | D:15     | Lost mutation: You have a pair of small horns on your head.
                  | [potion of mutation]
 48453 | D:15     | Gained mutation: You are strong-willed. (Will+) [potion of
                  | mutation]
 48691 | D:$      | Escaped with the Orb!

Illustrated notes

Levels and vault maps discovered:
D:1:      wander_arrival_lonely_grave, layout_rooms
D:2:      layout_rooms, shapermc_ecumenical_altar_flowoftime, minmay_bisected
D:3:      layout_basic, mainiacjoe_overflow_big_doors, uniq_sigmund
D:4:      layout_rooms
D:5:      layout_cave_pools, mainiacjoe_overflow_six_doors_small,
          gammafunk_ghost_mausoleum, uniq_menkaure, uniq_blork_the_orc,
          uniq_eustachio
D:6:      layout_layer_cave, minmay_temple_entry_large_hall, serial_shops, shop,
          kennysheep_donut, minmay_fountain_box, kennysheep_generic_room_10,
          uniq_prince_ribbit1
D:7:      layout_loops_ring, grunt_temple_overflow_cloverleaf
D:8:      layout_cave_pools, eat_drink_and_be_merry_uskayaw,
          mainiacjoe_overflow_chevrons, uniq_erica, uniq_gastronok
D:9:      layout_rooms, david_lair_shrubbed, serial_shops,
          nicolae_shop_competitors_out_of_business, lemuel_old_faithful
D:10:     layout_basic, minmay_starry_boxes
D:11:     layout_long_grid, hiddenorc2_lemuel, minmay_fractal_squares_gapless_7
D:12:     layout_rooms, uniq_psyche
D:13:     layout_roguey, nicolae_trove_entry_diagonal
D:14:     layout_rooms, lightli_vaults_fourway_checkpoint, serial_shops,
          nicolae_square_shop, shop, nicolae_shop_statue_plus,
          statue_in_the_mist_lemuel
D:15:     gammafunk_depths_entry_grave, layout_loops_cross,
          trog_three_pillars_becter, gauntlet_entry_generic
Lair:1:   gammafunk_worm_tunnel, layout_gridlike
Lair:2:   layout_gridlike, minmay_swamp_entry_wisps, minmay_lair_oklob_bushes,
          serial_bayou_ford_a, infiniplex_staircase_pool
Lair:3:   layout_cellular_growth
Lair:4:   nzn_winding_woodlands_large [nzn_winding_woodlands_5x5_three,
          nzn_winding_woodlands_5x15_jagged, nzn_winding_woodlands_5x5_default,
          nzn_winding_woodlands_center_lodge,
          nzn_winding_woodlands_15x15_five_gardens,
          nzn_winding_woodlands_center_triple_pond,
          nzn_winding_woodlands_5x5_open_star, nzn_winding_woodlands_5x15_pool,
          nzn_winding_woodlands_5x5_perimeter], layout_cave_pods,
          dummy_spider_entry, uniq_nessos
Lair:5:   layout_regular_city, slime_dummy, chequers_serial_rivers_micro_e
Lair:6:   minmay_lair_end_frog_pond, layout_cave_pods, lemuel_fruit_tree,
          uniq_kirke
Swamp:1:  layout_falls_marsh, infiniplex_staircase_pool_2, swamp_pool1
Swamp:2:  layout_falls_marsh, nicolae_swamp_trees_clearing, swamp_pool2
Swamp:3:  layout_basic_swamp, gammafunk_ghost_wrathful_warriors,
          evilmike_swamp_ruin_rubble_1, swamp_pool1, uniq_louise, uniq_nikola,
          uniq_aizul
Swamp:4:  swamp_alternative, layout_basic_swamp
Spider:1: layout_spider_delve
Spider:2: layout_spider_delve, nicolae_spider_stair_cavern
Spider:3: layout_spider_delve, uniq_arachne
Spider:4: grunt_spider_rune_circles, hangedman_spider_tarantella_strand,
          uniq_mara, uniq_asterion
Orc:1:    layout_caves, uniq_erolcha
Orc:2:    st_orc_elflike, layout_diamond_mine, serial_shops,
          nicolae_lakefront_shop, uniq_jorgrun
Vaults:1: nicolae_vaults_network_star, nicolae_vaults_network_s,
          ontoclasm_vaults_claustrophobia, ontoclasm_vaults_ligature,
          ontoclasm_vaults_pinch, nicolae_vaults_specimen_jars, v_pattern_5,
          vaults_room_door_ring, layout_vaults_ring
Vaults:2: blue_anna_dwarven_crypt, grunt_vaults_diagonal,
          nicolae_vaults_asterisk, nicolae_vaults_know_your_exits,
          ontoclasm_vaults_ring_small, dpeg_vaults_monster_box,
          nicolae_vaults_little_squares_3, v_misc_28,
          nicolae_vaults_little_squares_3, hangedman_vaults_capsules,
          vaults_room_pool, v_pattern_1, nicolae_vaults_asterisk,
          layout_vaults_omnigrid, serial_shops, shop_fountains, uniq_bai_suzhen,
          uniq_frederick
Vaults:3: ontoclasm_vaults_ring_square, nicolae_vaults_network_quincunx
          [nicolae_vaults_network_quincunx_subvault,
          nicolae_vaults_network_quincunx_subvault,
          nicolae_vaults_network_quincunx_subvault,
          nicolae_vaults_network_quincunx_subvault,
          nicolae_vaults_network_quincunx_subvault], dpeg_vaults_monster_row,
          ontoclasm_vaults_bender, ontoclasm_vaults_hangar,
          nicolae_vaults_little_squares_1, nicolae_vaults_three_branches,
          grunt_vaults_hallway_short, layout_vaults_chaotic_city
Vaults:4: ebering_vaults_ghost_reflecting_pool, ontoclasm_vaults_eye,
          ontoclasm_vaults_misaligned, nicolae_vaults_asterisk,
          vaults_dpeg_ring, vaults_mumra_minichess_inversion,
          nicolae_vaults_network_periphery, v_misc_1,
          nicolae_vaults_twisting_passages, st_smaller_cells, v_misc_16,
          ontoclasm_vaults_twist, vaults_mumra_hex, serial_ice_h,
          layout_vaults_omnicross, serial_shops, nicolae_diamond_shop,
          uniq_margery
Vaults:5
Depths:1: layout_forbidden_donut, pf_hell_entry_great_geh, abyss_entry,
          kennysheep_cross_room, hangedman_decor_lopped, feat_on_display,
          grunt_megastairs_2, serial_bayou_shore_b, serial_bayou_shore_b,
          serial_bayou_shore_b
Depths:2: hangedman_pleasuredromes, hell_entry, pan_entry
Depths:3: minmay_the_grid_octo_tiled_octocenter
          [minmay_the_grid_octo_tetromino_candy, minmay_the_grid_octo_pinwheel,
          minmay_the_grid_octo_focus, minmay_the_grid_octo_chip,
          minmay_the_grid_octo_prize_ultimate_mussel_roller,
          minmay_the_grid_square_5x5_trominoes,
          minmay_the_grid_square_5x5_doubleslash,
          minmay_the_grid_square_5x5_tri_point,
          minmay_the_grid_square_5x5_bridge], layout_gridlike, pan_entry,
          serial_shops, shop, grunt_hell_entry_dis_grunt, minivault_16,
          drop_trap, uniq_mennas, uniq_enchantress
Depths:4: kennysheep_windowed_halls, layout_basic, gammafunk_ghost_ooze,
          abyss_entry_flame_altar, grunt_hell_entry_demonic_statue,
          led_sif_pool, nicolae_elemental_shop
Depths:5: grunt_zot_entry_funnels, layout_gridlike, enter_ziggurat_f,
          hell_entry, uniq_jory
Zot:1:    layout_basic, grunt_megastairs_3, uniq_tiamat
Zot:2:    layout_twisted_circle, nicolae_zot_crop_circle
Zot:3:    layout_twisted_circle
Zot:4:    layout_cellular_growth, basic_altar
Zot:5:    layout_concentric_octagons

Skill      XL: |  1  2  3  4  5  6  7  8  9 10 11 12 13 14 15 16 17 18 19 20 21 22 23 24 25 26 |
---------------+-------------------------------------------------------------------------------+-----
Unarmed Combat | 1 2 3 4 5 7 8 11 13 15 16 19 20 | 20.0
Fighting       | 2 3 4 6 7 8 9 11 | 11.0
Dodging        | 2 3 4 6 7 11 | 11.7
Invocations    | 1 4 6 10 11 15 17 | 17.2
Evocations     | 3 4 8 11 | 11.0
Armour         | 2 7 11 12 | 12.0
Shields        | 6 11 14 15 | 15.0
Throwing       | 8 9 10 14 16 18 19 21 22 25 | 25.8
Stealth        | |  0.3

Action                   |  1- 3 |  4- 6 |  7- 9 | 10-12 | 13-15 | 16-18 | 19-21 | 22-24 | 25-27 || total
-------------------------+-------+-------+-------+-------+-------+-------+-------+-------+-------++-------
Melee: Unarmed           |   122 |    69 |   244 |   413 |  1023 |  1359 |  1060 |  1018 |   379 ||  5687
       Punch             |     1 |     1 |     7 |    21 |     6 |       |       |       |       ||    36
Throw: Large rock        |       |     3 |     3 |    11 |    30 |    43 |    36 |   113 |   249 ||   488
       Dart              |       |       |     3 |     1 |       |       |       |       |       ||     4
       Boomerang         |       |       |       |     2 |       |       |       |       |       ||     2
       Throwing net      |       |       |       |     1 |     1 |       |       |       |       ||     2
       Javelin           |       |       |       |       |       |       |    11 |    20 |    38 ||    69
Invok: Ancestor Life: Kn |       |       |     1 |       |       |       |       |       |       ||     1
       Recall Ancestor   |       |       |       |       |     3 |     6 |     5 |     4 |     5 ||    23
       Idealise          |       |       |       |       |       |       |     3 |     3 |     5 ||    11
       Transference      |       |       |       |       |       |       |       |       |     1 ||     1
 Abil: Evoke Berserk Rag |       |       |       |       |       |       |       |     2 |     7 ||     9
Evoke: Wand              |       |       |     4 |       |    17 |    13 |     4 |     3 |     7 ||    48
       Tin of tremorston |       |       |       |       |     2 |     3 |     5 |     1 |       ||    11
       Phial of floods   |       |       |       |       |     1 |     1 |     2 |       |       ||     4
       Box of beasts     |       |       |       |       |       |     2 |     3 |       |     1 ||     6
       Phantom mirror    |       |       |       |       |       |       |       |       |     1 ||     1
  Use: Scroll            |       |       |       |    10 |    20 |    11 |     6 |    11 |     8 ||    66
       Potion            |       |       |       |     1 |     1 |    14 |    11 |     4 |    15 ||    46
 Stab: Distracted        |       |       |       |       |    10 |    15 |     5 |    18 |     5 ||    53
       Held in net/web   |       |       |       |       |     1 |       |       |       |       ||     1
Armor: Robe              |    50 |    19 |    33 |    14 |       |       |       |       |       ||   116
       Troll leather arm |       |       |       |    63 |   118 |       |       |       |       ||   181
       Skin              |       |       |       |     5 |     2 |    30 |       |    16 |       ||    53
       Gold dragon scale |       |       |       |       |    31 |   639 |   224 |   182 |   122 ||  1198
Dodge: Dodged            |    50 |    27 |   132 |   203 |   182 |   259 |   133 |    81 |    49 ||  1116
Block: Tower shield      |       |       |       |       |   806 |  1559 |   756 |   700 |   328 ||  4149

Table legend: (Time is in decaauts)
 A = Elapsed time spent in this place.
 B = Non-inter-level travel time spent in this place.
 C = Inter-level travel time spent in this place.
 D = Time resting spent in this place.
 E = Time spent auto-exploring this place.
 F = Levels seen in this place.
 G = Mean time per level.
                   A        B        C        D        E       F      G
               +--------+--------+--------+--------+--------+-----+--------+
         Total |  47804 |  43724 |   4080 |   2623 |  29621 |  47 | 1017.1 |
       Dungeon |  11233 |  10040 |   1193 |    154 |   7667 |  15 |  748.9 |
          Lair |   6986 |   6174 |    812 |    161 |   4536 |   6 | 1164.3 |
         Swamp |   3311 |   3007 |    304 |    193 |   1923 |   4 |  827.8 |
   Spider Nest |   3710 |   3404 |    306 |    344 |   2033 |   4 |  927.5 |
  Orcish Mines |   1767 |   1594 |    173 |     11 |   1234 |   2 |  883.5 |
        Vaults |   8442 |   7632 |    810 |    457 |   4899 |   5 | 1688.4 |
        Depths |   5578 |   5303 |    275 |    579 |   3104 |   5 | 1115.6 |
           Zot |   6331 |   6127 |    204 |    675 |   4013 |   5 | 1266.2 |
      Gauntlet |    442 |    442 |      0 |     47 |    209 |   1 |  442.0 |
               +--------+--------+--------+--------+--------+-----+--------+

Top non-repeatable levels by time:
Depths:4: 1981 daAuts
Vaults:4: 1922 daAuts
Vaults:2: 1805 daAuts
Vaults:5: 1770 daAuts
  Lair:4: 1732 daAuts
Vaults:3: 1576 daAuts
   Zot:1: 1509 daAuts
   Zot:2: 1369 daAuts
Vaults:1: 1368 daAuts
   Zot:4: 1362 daAuts
Depths:2: 1351 daAuts
   Orc:2: 1298 daAuts
  Lair:6: 1282 daAuts
Spider:2: 1246 daAuts
 Swamp:3: 1240 daAuts
